PCL
DISTRICT 9 PRAWNS @ HOUSTON HAMMERTIME
08/24/2028
 
TOP OF THE 1ST
District 9 Prawns batting - Pitching for Houston Hammertime : RHP Joe Wilson
Pitching: RHP Joe Wilson
Batting: SHB José Estreito 0-0: Ball
1-0: Ball
2-0: Called Strike
2-1: Foul Ball, location: 2F
2-2: Ground out 4-3 (Groundball, 4)
Batting: RHB José Colón 0-0: Ball
1-0: Foul Ball, location: 2F
1-1: Foul Ball, location: 2F
1-2: Strikes out swinging
Batting: RHB Felipe Jareño 0-0: Ball
1-0: Ball
2-0: Ball
3-0: Called Strike
3-1: Foul Ball, location: 2F
3-2: Foul Ball, location: 2F
3-2: Foul Ball, location: 2F
3-2: Fly out, F8 (Flyball, 89D)
Top of the 1st over - 0 run(s), 0 hit(s), 0 error(s), 0 left on base; District 9 0 - Houston 0
BOTTOM OF THE 1ST
Houston Hammertime batting - Pitching for District 9 Prawns : RHP Víctor Ventura
Pitching: RHP Víctor Ventura
Batting: RHB José García 0-0: Called Strike
0-1: Bunted foul
0-2: Ball
1-2: Foul Ball, location: 2F
1-2: Foul Ball, location: 2F
1-2: SOLO HOME RUN (Line Drive, 78XD), Distance : 374 ft
Batting: RHB David Hernández 0-0: Fly out, F4 (Line Drive, 4M)
Batting: RHB Pedro Meza 0-0: Ball
1-0: Ball
2-0: Called Strike
2-1: Ball
3-1: Base on Balls
Batting: LHB Pablo Rivas 0-0: Ball
1-0: Fly out, F8 (Flyball, 8LM)
Batting: RHB John Major 0-0: Foul Ball, location: 2F
0-1: Ball
1-1: Swinging Strike
1-2: Ball
2-2: Ball
3-2: Base on Balls
Pedro Meza to second
Batting: LHB António Camacho 0-0: Called Strike
0-1: Ball
1-1: Called Strike
1-2: Ball
2-2: Strikes out swinging
Bottom of the 1st over - 1 run(s), 1 hit(s), 0 error(s), 2 left on base; District 9 0 - Houston 1
TOP OF THE 2ND
District 9 Prawns batting - Pitching for Houston Hammertime : RHP Joe Wilson
Batting: LHB Leonard Young 0-0: Ball
1-0: Ball
2-0: Swinging Strike
2-1: Ball
3-1: Base on Balls
Batting: RHB Jesús Cruz 0-0: Ball
1-0: Called Strike
Leonard Young steals 2nd base
1-1: 2-RUN HOME RUN (Flyball, 78XD), Distance : 401 ft
Batting: RHB Doug O'Brien 0-0: Ball
1-0: Called Strike
1-1: Ball
2-1: Called Strike
2-2: Strikes out swinging
Batting: RHB Mal Snyder 0-0: Ball
1-0: DOUBLE (Line Drive, 9D)
Batting: LHB Leonard Harvey 0-0: Ball
1-0: Ball
2-0: Ball
3-0: Called Strike
3-1: Base on Balls
Batting: RHB Phil Jacobs 0-0: Called Strike
0-1: Foul Ball, location: 2F
0-2: Strikes out swinging
Batting: SHB José Estreito 0-0: Fly out, F6 (Line Drive, 6M)
Top of the 2nd over - 2 run(s), 2 hit(s), 0 error(s), 2 left on base; District 9 2 - Houston 1
BOTTOM OF THE 2ND
Houston Hammertime batting - Pitching for District 9 Prawns : RHP Víctor Ventura
Batting: RHB Santo Cruz 0-0: Ball
1-0: Ball
2-0: Reached on error, E5 (Groundball, 5)
Batting: RHB Victor Andrews 0-0: Ball
1-0: Foul Ball, location: 2F
1-1: Swinging Strike
1-2: Strikes out looking
Batting: LHB Enrique Valentín 0-0: Foul Ball, location: 2F
0-1: Ball
1-1: Called Strike
1-2: Ball
2-2: Fly out, F7 (Flyball, 7S)
Batting: RHB José García 0-0: SINGLE (Groundball, 6MD)
Santo Cruz to third
Runner from 3rd tries for Home, SAFE, no throw
Batting: RHB David Hernández 0-0: Called Strike
0-1: Foul Ball, location: 2F
0-2: Ball
1-2: Strikes out looking
Bottom of the 2nd over - 1 run(s), 1 hit(s), 1 error(s), 1 left on base; District 9 2 - Houston 2
TOP OF THE 3RD
District 9 Prawns batting - Pitching for Houston Hammertime : RHP Joe Wilson
Batting: RHB José Colón 0-0: SINGLE (Groundball, 56D)
Batting: RHB Felipe Jareño 0-0: Foul Ball, location: 2F
0-1: Swinging Strike
0-2: Foul Ball, location: 2F
0-2: Ball
1-2: Ball
2-2: Foul Ball, location: 2F
2-2: Strikes out swinging
Batting: LHB Leonard Young 0-0: Called Strike
0-1: Foul Ball, location: 2F
0-2: Ball
1-2: Foul Ball, location: 2F
1-2: Foul Ball, location: 2F
1-2: Foul Ball, location: 2F
1-2: Fly out, F7 (Flyball, 7S)
Batting: RHB Jesús Cruz 0-0: Swinging Strike
0-1: Ball
1-1: Foul Ball, location: 2F
1-2: Strikes out looking
Top of the 3rd over - 0 run(s), 1 hit(s), 0 error(s), 1 left on base; District 9 2 - Houston 2
BOTTOM OF THE 3RD
Houston Hammertime batting - Pitching for District 9 Prawns : RHP Víctor Ventura
Batting: RHB Pedro Meza 0-0: SINGLE (Groundball, 56D)
Batting: LHB Pablo Rivas 0-0: Called Strike
0-1: Swinging Strike
0-2: Foul Ball, location: 2F
0-2: Grounds into double play, 4-6-3 (Groundball, 4)
Batting: RHB John Major 0-0: Ball
1-0: Called Strike
1-1: Called Strike
1-2: Strikes out swinging
Bottom of the 3rd over - 0 run(s), 1 hit(s), 0 error(s), 0 left on base; District 9 2 - Houston 2
TOP OF THE 4TH
District 9 Prawns batting - Pitching for Houston Hammertime : RHP Joe Wilson
Batting: RHB Doug O'Brien 0-0: Swinging Strike
0-1: Ball
1-1: Ball
2-1: Ball
3-1: Foul Ball, location: 2F
3-2: Foul Ball, location: 2F
3-2: Strikes out swinging
Batting: RHB Mal Snyder 0-0: Ball
1-0: DOUBLE (Groundball, 3L)
Batting: LHB Leonard Harvey 0-0: Ball
1-0: Ball
2-0: Swinging Strike
2-1: Ground out 4-3 (Groundball, 4)
Mal Snyder to third
Batting: RHB Phil Jacobs 0-0: Ball
1-0: SINGLE (Groundball, 34D)
Mal Snyder scores
Batting: SHB José Estreito 0-0: Ball
Wild Pitch!
Phil Jacobs to second
1-0: Ball
2-0: Ball
3-0: Foul Ball, location: 2F
3-1: Fly out, F8 (Flyball, 8LM)
Top of the 4th over - 1 run(s), 2 hit(s), 0 error(s), 1 left on base; District 9 3 - Houston 2
BOTTOM OF THE 4TH
Houston Hammertime batting - Pitching for District 9 Prawns : RHP Víctor Ventura
Batting: LHB António Camacho 0-0: Ball
1-0: Ball
2-0: Foul Ball, location: 2F
2-1: Fly out, F6 (Popup, 6MS)
Batting: RHB Santo Cruz 0-0: Ball
1-0: Called Strike
1-1: Ball
2-1: Foul Ball, location: 2F
2-2: Ball
3-2: Base on Balls
Batting: RHB Victor Andrews 0-0: Called Strike
0-1: Swinging Strike
0-2: SINGLE (Groundball, 6MD)
Santo Cruz to second
Batting: LHB Enrique Valentín 0-0: Called Strike
0-1: Ball
1-1: Grounds into double play, U3-6 (Groundball, 3L)
Bottom of the 4th over - 0 run(s), 1 hit(s), 0 error(s), 1 left on base; District 9 3 - Houston 2
TOP OF THE 5TH
District 9 Prawns batting - Pitching for Houston Hammertime : RHP Joe Wilson
Batting: RHB José Colón 0-0: Foul Ball, location: 2F
0-1: Foul Ball, location: 2F
0-2: Ball
1-2: Foul Ball, location: 2F
1-2: Ball
2-2: Strikes out looking
Batting: RHB Felipe Jareño 0-0: SOLO HOME RUN (Flyball, 9D), Distance : 345 ft
Batting: LHB Leonard Young 0-0: Ball
1-0: Ball
2-0: Foul Ball, location: 2F
2-1: Ball
3-1: SINGLE (Flyball, 78S)
Pitching: RHP António Galindo
Batting: RHB Jesús Cruz 0-0: Called Strike
0-1: Ball
1-1: Called Strike
Leonard Young is caught stealing 2nd base
1-2: Strikes out swinging
Top of the 5th over - 1 run(s), 2 hit(s), 0 error(s), 0 left on base; District 9 4 - Houston 2
BOTTOM OF THE 5TH
Houston Hammertime batting - Pitching for District 9 Prawns : RHP Víctor Ventura
Batting: RHB José García 0-0: Fly out, F9 (Flyball, 9S)
Batting: RHB David Hernández 0-0: Swinging Strike
0-1: Ball
1-1: Ball
2-1: Swinging Strike
2-2: Foul Ball, location: 2F
2-2: Foul Ball, location: 2F
2-2: Ground out 6-3 (Groundball, 6)
Batting: RHB Pedro Meza 0-0: Foul Ball, location: 2F
0-1: Ball
1-1: Fly out, F9 (Line Drive, 9LM)
Bottom of the 5th over - 0 run(s), 0 hit(s), 0 error(s), 0 left on base; District 9 4 - Houston 2
TOP OF THE 6TH
District 9 Prawns batting - Pitching for Houston Hammertime : RHP António Galindo
Batting: RHB Doug O'Brien 0-0: Ball
1-0: Ball
2-0: Ground out 6-3 (Groundball, 6)
Batting: RHB Mal Snyder 0-0: Called Strike
0-1: Swinging Strike
0-2: Ball
1-2: Ball
2-2: Strikes out swinging
Batting: LHB Leonard Harvey 0-0: Called Strike
0-1: Foul Ball, location: 2F
0-2: Ball
1-2: Strikes out swinging
Top of the 6th over - 0 run(s), 0 hit(s), 0 error(s), 0 left on base; District 9 4 - Houston 2
BOTTOM OF THE 6TH
Houston Hammertime batting - Pitching for District 9 Prawns : RHP Víctor Ventura
Batting: LHB Pablo Rivas 0-0: Called Strike
0-1: SOLO HOME RUN (Flyball, 89XD), Distance : 452 ft
Batting: RHB John Major 0-0: Called Strike
0-1: Ball
1-1: Called Strike
1-2: Strikes out swinging
Batting: LHB António Camacho 0-0: Called Strike
0-1: Ball
1-1: Ground out 1-3 (Groundball, 15S)
Batting: RHB Santo Cruz 0-0: Swinging Strike
0-1: Ball
1-1: Ball
2-1: Foul Ball, location: 2F
2-2: Strikes out swinging
Bottom of the 6th over - 1 run(s), 1 hit(s), 0 error(s), 0 left on base; District 9 4 - Houston 3
TOP OF THE 7TH
District 9 Prawns batting - Pitching for Houston Hammertime : RHP António Galindo
Batting: RHB Phil Jacobs 0-0: Called Strike
0-1: Swinging Strike
0-2: Ball
1-2: SINGLE (Groundball, 34D)
Pinch Hitting: LHB Mike Davis 0-0: Ball
1-0: Sac Bunt - play at first, batter OUT! 2-4
Phil Jacobs to second
Batting: RHB José Colón 0-0: Foul Ball, location: 2F
0-1: Swinging Strike
0-2: Foul Ball, location: 2F
0-2: Foul Ball, location: 2F
0-2: Ball
1-2: Ball
2-2: Strikes out swinging
Batting: RHB Felipe Jareño 0-0: Called Strike
0-1: Ball
1-1: Foul Ball, location: 2F
1-2: Strikes out looking
Top of the 7th over - 0 run(s), 1 hit(s), 0 error(s), 1 left on base; District 9 4 - Houston 3
BOTTOM OF THE 7TH
Houston Hammertime batting - Pitching for District 9 Prawns : RHP Víctor Ventura
Pitching: LHP Ricardo Vega
Now in RF: Al Bartlett
Batting: RHB Victor Andrews 0-0: Called Strike
0-1: Ground out 4-3 (Groundball, 4M)
Batting: LHB Enrique Valentín 0-0: Called Strike
0-1: Swinging Strike
0-2: Foul Ball, location: 2F
0-2: Strikes out swinging
Batting: RHB José García 0-0: Fly out, F9 (Flyball, 9S)
Bottom of the 7th over - 0 run(s), 0 hit(s), 0 error(s), 0 left on base; District 9 4 - Houston 3
TOP OF THE 8TH
District 9 Prawns batting - Pitching for Houston Hammertime : RHP António Galindo
Batting: LHB Leonard Young 0-0: Ball
1-0: Ground out 5-3 (Groundball, 56)
Batting: RHB Jesús Cruz 0-0: Swinging Strike
0-1: Ball
1-1: Called Strike
1-2: Ball
2-2: Ground out 5-3 (Groundball, 56)
Batting: RHB Doug O'Brien 0-0: Ball
1-0: Ball
2-0: Fly out, F9 (Flyball, 89M)
Top of the 8th over - 0 run(s), 0 hit(s), 0 error(s), 0 left on base; District 9 4 - Houston 3
BOTTOM OF THE 8TH
Houston Hammertime batting - Pitching for District 9 Prawns : LHP Ricardo Vega
Pitching: RHP José Huerta
Batting: RHB David Hernández 0-0: Ball
1-0: Called Strike
1-1: Fly out, F9 (Flyball, 9LMF)
Batting: RHB Pedro Meza 0-0: Ground out 6-3 (Groundball, 6S)
Pitching: LHP Norberto Marerro
Batting: LHB Pablo Rivas 0-0: Called Strike
0-1: Ground out 4-3 (Groundball, 4S)
Bottom of the 8th over - 0 run(s), 0 hit(s), 0 error(s), 0 left on base; District 9 4 - Houston 3
TOP OF THE 9TH
District 9 Prawns batting - Pitching for Houston Hammertime : RHP António Galindo
Pitching: LHP Júlio Aguilar
Batting: RHB Mal Snyder 0-0: Ball
1-0: Ball
2-0: Ball
3-0: Called Strike
3-1: Base on Balls
Batting: LHB Leonard Harvey 0-0: Sac Bunt - play at first, batter OUT! 5-4
Mal Snyder to second
Pinch Hitting: RHB Carlos Flores 0-0: Intentional Walk
Pinch Runner at 2nd Gil Palmer:
Pinch Hitting: RHB Reynold Akker 0-0: Ball
1-0: Foul Ball, location: 2F
1-1: 3-RUN HOME RUN (Line Drive, 7D), Distance : 361 ft
Pitching: RHP José Ortíz
Batting: RHB José Colón 0-0: Ball
1-0: Ground out 5-3 (Groundball, 5)
Batting: RHB Felipe Jareño 0-0: Swinging Strike
0-1: Foul Ball, location: 2F
0-2: SOLO HOME RUN (Line Drive, 78D), Distance : 375 ft
Batting: LHB Leonard Young 0-0: Ball
1-0: DOUBLE (Flyball, 7LD)
Pitching: RHP António Sánchez
Batting: RHB Jesús Cruz 0-0: Foul Ball, location: 2F
0-1: Ball
1-1: Foul Ball, location: 2F
1-2: Ball
2-2: Ball
3-2: Strikes out swinging
Top of the 9th over - 4 run(s), 3 hit(s), 0 error(s), 1 left on base; District 9 8 - Houston 3
BOTTOM OF THE 9TH
Houston Hammertime batting - Pitching for District 9 Prawns : LHP Norberto Marerro
Now at 3B: Reynold Akker
Now at SS: Boyd Pittman
Now in RF: Gil Palmer
Batting: RHB John Major 0-0: Ball
1-0: Swinging Strike
1-1: Swinging Strike
1-2: Ball
2-2: Strikes out swinging
Pitching: RHP Mike Stabler
Batting: LHB António Camacho 0-0: Called Strike
0-1: Ball
1-1: Foul Ball, location: 2F
1-2: Fly out, F8 (Flyball, 8LS)
Batting: RHB Santo Cruz 0-0: Called Strike
0-1: SINGLE (Line Drive, 78M)
Batting: RHB Victor Andrews 0-0: Ball
1-0: Foul Ball, location: 2F
1-1: DOUBLE (Line Drive, 78D)
Santo Cruz to third
Runner from 3rd tries for Home, throw and OUT!
Bottom of the 9th over - 0 run(s), 2 hit(s), 0 error(s), 1 left on base; District 9 8 - Houston 3
Tuesday, August 8th, 2017 - OOTP Baseball 17.12 Build 75